 Dungeon Crawl Stone Soup version 0.25-a0-44-g29a1220a87 (webtiles) character file.

Game seed: 16876384768975823135, levelgen mode: deterministic

464 iamserjio the Skirmisher (level 7, -1/52 HPs)
             Began as an Octopode Chaos Knight on Oct 24, 2019.
             Was a Plaything of Xom.
             Slain by a killer bee (6 damage)
             ... on level 4 of the Dungeon.
             The game lasted 00:03:24 (2988 turns).

iamserjio the Skirmisher (Octopode Chaos Knight)    Turns: 2988, Time: 00:03:25

Health: -1/52      AC:  1    Str: 11    XL:     7   Next: 7%
Magic:  7/7        EV: 15    Int: 14    God:    Xom [......]
Gold:   234        SH:  4    Dex: 14    Spells: 6/6 levels left

rFire    . . .     SeeInvis .   a - +0 short sword (chaos)
rCold    . . .     Gourm    .   C - +0 buckler
rNeg     . . .     Faith    .   (helmet restricted)
rPois    .         Spirit   .   (no amulet)
rElec    .         Reflect  .   (no ring)
rCorr    .         Harm     .   (no ring)
MR       .....                  (no ring)
Stlth    ++........             (no ring)
HPRegen  0.17/turn              (no ring)
MPRegen  0.10/turn              (no ring)
                                (no ring)
                                (no ring)

@: lethally poisoned (-1 -> -6)
A: almost no armour, stealthy swim, amphibious, 8 rings, constrict 8, camouflage
1, gelatinous body 1
a: Renounce Religion


You were on level 4 of the Dungeon.
You worshipped Xom.
You were a very special plaything of Xom.
You were not hungry.

You visited 1 branch of the dungeon, and saw 4 of its levels.
You visited the Abyss 1 time.

You collected 234 gold pieces.

Inventory:

Hand Weapons
 a - a +0 short sword of chaos (weapon)
 v - a +0 rapier
 z - a +1 vampiric hand axe
Missiles
 g - 90 stones (quivered)
 k - 57 sling bullets
 B - 3 poisoned darts
Armour
 C - a +0 buckler (worn)
Jewellery
 c - an uncursed amulet of guardian spirit {unknown}
 o - a +3 ring of evasion {unknown}
 u - a +5 amulet of reflection {unknown}
 A - a cursed ring of teleportation {unknown}
Wands
 t - a wand of digging (2)
 x - a wand of acid (4)
Scrolls
 m - 4 scrolls of identify {unknown}
 p - a scroll of immolation {unknown}
 r - 2 scrolls of fear {unknown}
 s - a scroll of teleportation {unknown}
 y - 3 scrolls of remove curse {unknown}
Potions
 d - a potion of brilliance {unknown}
 e - 2 potions of curing {@q1}
 f - a potion of berserk rage {unknown}
 h - 2 potions of agility {unknown}
 i - a potion of flight {unknown}
 j - a potion of degeneration {unknown}
 l - a potion of mutation {unknown}
 n - a potion of resistance {unknown}
 w - a potion of cancellation {unknown}
Comestibles
 b - 8 rations
 q - 4 chunks of flesh


   Skills:
 * Level 6.1 Fighting
 - Level 3.0 Short Blades
 + Level 4.3 Dodging
 * Level 2.7 Shields


You had 6 spell levels left.
You didn't know any spells.
Your spell library contained the following spells:

 Spells                   Type           Power        Failure   Level  Hunger
 Apportation              Tloc           #.....       32%         1    ##.....
 Summon Small Mammal      Summ           #...         32%         1    ##.....
 Call Imp                 Summ           #.......     45%         2    ###....
 Call Canine Familiar     Summ           #.......     69%         3    ####...
 Summon Guardian Golem    Hex/Summ       #.......     69%         3    ####...
 Summon Ice Beast         Ice/Summ       #.......     97%         4    #####..
 Summon Lightning Spire   Summ/Air       #.......     97%         4    #####..


Dungeon Overview and Level Annotations

Branches:
Dungeon (4/15)
 Temple: D:4-7

Altars:
Kikubaaqudgha
Sif Muna
Vehumet


Innate Abilities, Weirdness & Mutations

You cannot wear most types of armour.
You are very stealthy in the water. (Stealth+)
You are amphibious.
You can wear up to eight rings at the same time.
You can use your tentacles to constrict eight enemies at once.
Your skin changes colour to match your surroundings (Stealth+).
Your rubbery body absorbs attacks. (AC +1, EV +1)


Message History

Deactivating autopickup; reactivate with Ctrl-A.
Your squeeze misses something.
* * * LOW HITPOINT WARNING * * *
You feel sick. Something stings you.
* * * LOW HITPOINT WARNING * * *
Something stings you.
* * * LOW HITPOINT WARNING * * *
You feel better. Something stings you.
* * * LOW HITPOINT WARNING * * *
You are poisoned.
Something poisons you! Something barely misses you.
You completely miss something. You squeeze something.
You feel sick. Something stings you!
* * * LOW HITPOINT WARNING * * *
Something closely misses you.
Aiming: Corrosive Bolt
* * * LOW HITPOINT WARNING * * *
You feel sick. Something stings you.
You die... "What!?
That's it?"

#.## ##.## ##
##.## .## ##.#
.... ..###.###
.....
.....#..##...#.
#.............
######†{###...
#@## ### ...
...# .. ..# .##
#.# ..# #.###..


There were no monsters in sight!

Vanquished Creatures
  An ice beast (D:4)
  2 killer bees (D:4)
  A hound (D:3)
  2 orc priests (D:3)
  2 orc wizards (D:4)
  3 worker ants (D:4)
  2 adders (D:3)
  An ooze (D:1)
  2 worms (D:3)
  3 leopard geckos
  10 orcs
  2 ball pythons (D:1)
  3 giant cockroaches
  4 goblins
  4 hobgoblins
  2 jackals (D:1)
  4 kobolds
  A quokka (D:3)
  2 bats (D:3)
  5 frilled lizards
  3 rats
59 creatures vanquished.

Vanquished Creatures (others)
  A giant cockroach (D:3)
1 creature vanquished.

Grand Total: 60 creatures vanquished

Notes
Turn   | Place    | Note
-------+----------+-------------------------------------------
     0 | D:1      | iamserjio the Octopode Chaos Knight began the quest for the
                  | Orb.
     0 | D:1      | Reached XP level 1. HP: 16/16 MP: 1/1
   322 | D:1      | Reached XP level 2. HP: 21/21 MP: 2/2
   405 | D:1      | XOM: harmless Ice miscast
   454 | D:1      | You fall into a shaft and drop 1 floor!
   672 | D:1      | Reached XP level 3. HP: 27/27 MP: 3/3
   877 | D:1      | XOM: divination: detect creatures
  1223 | D:2      | XOM: silly message
  1255 | D:2      | XOM: divination: detect items
  1321 | D:2      | Found an ancient bone altar of Kikubaaqudgha.
  1323 | D:2      | Found a shimmering blue altar of Sif Muna.
  1325 | D:2      | Found a radiant altar of Vehumet.
  1329 | D:2      | Identified Sif Muna's Catalogue of the Voyage
  1337 | D:2      | XOM: harmless Conj miscast
  1494 | D:2      | XOM: mild Erth miscast
  1706 | D:3      | Reached skill level 4 in Fighting
  1821 | D:3      | Found a faded altar of an unknown god.
  1892 | D:3      | Reached XP level 4. HP: 34/34 MP: 4/4
  1899 | D:3      | XOM: severe Tloc miscast
  1899 | D:3      | Cast into level 1 of the Abyss (the severe capriciousness
                  | of Xom)
  1964 | Abyss:1  | Noticed an apocalypse crab
  1971 | D:3      | Escaped the Abyss
  2153 | D:3      | Reached XP level 5. HP: 34/38 MP: 5/5
  2157 | D:3      | XOM: draining
  2159 | D:3      | Reached skill level 5 in Fighting
  2568 | D:4      | XOM: confusion
  2583 | D:4      | Reached skill level 1 in Shields
  2583 | D:4      | Reached XP level 6. HP: 15/45 MP: 6/6
  2903 | D:4      | XOM: mild Conj miscast
  2954 | D:4      | Noticed an ice beast
  2963 | D:4      | Killed an ice beast
  2976 | D:4      | XOM: 1-stop teleportation journey
  2979 | D:4      | XOM: swap monsters
  2980 | D:4      | XOM: destruction
  2984 | D:4      | Reached skill level 6 in Fighting
  2984 | D:4      | Reached XP level 7. HP: 16/52 MP: 7/7
  2988 | D:4      | Slain by a killer bee

Levels and vault maps discovered:
D:1:      dpeg_arrival_solitude, layout_loops_ring
D:2:      layout_basic, grunt_temple_overflow_magic_moments
D:3:      layout_loops_ring, first_ration,
          chequers_ecumenical_altar_simple_redux, grunt_ministairs_10,
          minmay_randomly_rotated_circles
D:4:      layout_layer_cave, eat_drink_and_be_merry_uskayaw, serial_shops,
          kennysheep_mini_moat, patterned_corridor, uniq_edmund,
          uniq_crazy_yiuf_cottage

Skill      XL: |  1  2  3  4  5  6 |
---------------+-------------------+-----
Fighting       | 4 5 6 |  6.1
Dodging        | 3 4 |  4.3
Shields        | 1 2 |  2.7
Short Blades   | |  3.0

Action                   |  1- 3 |  4- 6 |  7- 9 || total
-------------------------+-------+-------+-------++-------
Melee: Short sword       |    66 |    67 |     2 ||   135
       Constrict         |    10 |    12 |       ||    22
       Tentacles         |     5 |    14 |     1 ||    20
Evoke: Wand              |       |     2 |     2 ||     4
  Use: Potion            |       |     1 |     1 ||     2
 Stab: Sleeping          |    13 |     3 |       ||    16
       Paralysed         |     2 |     2 |       ||     4
  Eat: Chunk             |     3 |     3 |       ||     6
Armor: Skin              |     5 |     4 |       ||     9
Dodge: Dodged            |    28 |    51 |     3 ||    82
Block: Buckler           |       |     1 |       ||     1

Table legend:
 A = Non-vault XP
 B = Vault XP
 C = Vault XP percentage of total XP
 D = Non-vault monster count
 E = Vault monster count
 F = Vault count percentage of total count
                 A         B        C        D         E       F
            +---------+---------+-------+---------+---------+-------
      Total |     621 |      42 |   6.3 |      52 |       8 |  13.3
            +---------+---------+-------+---------+---------+-------
        D:1 |      36 |       0 |   0.0 |      18 |       0 |   0.0
        D:2 |      12 |       0 |   0.0 |       6 |       0 |   0.0
        D:3 |     163 |      42 |  20.5 |      18 |       8 |  30.8
        D:4 |     410 |       0 |   0.0 |      10 |       0 |   0.0
            +---------+---------+-------+---------+---------+-------
